 Dungeon Crawl Stone Soup version 0.32-a0-128-g77eb882913 (webtiles) character file.

Game seed: 14181573528243532796

2183 Essalna the Conjurer (level 9, -8/50 HPs)
             Began as a Gargoyle Fire Elementalist on Feb 8, 2024.
             Was a Follower of Vehumet.
             Killed by divine providence
             ... invoked by Jeremiah
              (13 damage)
             ... on level 7 of the Dungeon.
             The game lasted 00:11:18 (7783 turns).

Essalna the Conjurer (Gargoyle Fire Elementalist)   Turns: 7783, Time: 00:11:19

Health: -8/50      AC: 12    Str: 11    XL:     9   Next: 33%
Magic:  16/16      EV: 12    Int: 27    God:    Vehumet [*.....]
Gold:   477        SH:  0    Dex: 10    Spells: 11/18 levels left

rFire   . . .        m - +1 dagger (venom)
rCold   . . .        (no shield)
rNeg    + . .        a - +0 robe
rPois   ∞            (no helmet)
rElec   +            i - +0 cloak
rCorr   .            E - +2 pair of gloves {infuse}
SInv    .            (no boots)
Will    +....        (no amulet)
Stlth   ++           j - ring of willpower
HPRegen 0.28/turn    A - +6 ring of intelligence
MPRegen 0.15/turn

%: infuse magic (1 MP)
@: no status effects
A: sickness immunity, AC +6, negative energy resistance 1, electricity
resistance, torment resistance 1, petrification resistance
a: Renounce Religion


You were on level 7 of the Dungeon.
You worshipped Vehumet.
Vehumet was aware of your devotion.
You visited 2 branches of the dungeon, and saw 8 of its levels.

You collected 477 gold pieces.

Inventory:

Hand Weapons
 h - a +0 dagger
 m - a +1 dagger of venom (weapon)
Missiles
 l - 2 throwing nets
Armour
 a - a +0 robe (worn)
 e - a +0 kite shield
 i - a +0 cloak (worn)
 E - a +2 pair of gloves of infusion (worn)
Jewellery
 j - a ring of willpower (left hand)
 s - a +6 ring of strength
 u - a ring of see invisible
 A - a +6 ring of intelligence (right hand)
 J - a ring of ice
Wands
 p - a wand of charming (20)
 z - a wand of roots (8)
 D - a wand of polymorph (4)
Scrolls
 d - 7 scrolls of identify {unknown}
 f - a scroll of blinking {unknown}
 k - 4 scrolls of teleportation {unknown}
 o - a scroll of noise {unknown}
 q - 2 scrolls of immolation {unknown}
 r - a scroll of revelation {unknown}
 t - a scroll of amnesia {unknown}
 v - a scroll of poison {unknown}
 y - a scroll of fog {unknown}
 B - a scroll of fear {unknown}
 F - a scroll of vulnerability {unknown}
 H - 2 scrolls of enchant armour {unknown}
Potions
 c - 3 potions of enlightenment {unknown}
 g - 3 potions of mutation {unknown}
 n - 4 potions of curing {unknown}
 w - a potion of attraction {unknown}
 x - a potion of heal wounds {unknown}
 C - 3 potions of degeneration {unknown}
 G - a potion of brilliance {unknown}
 I - a potion of lignification {unknown}


   Skills:
 + Level 3.0 Fighting
 + Level 3.2 Armour
 + Level 3.0 Dodging
 - Level 2.1 Stealth
 + Level 3.1 Shields
 - Level 5.0 Spellcasting
 + Level 7.0 Conjurations
 + Level 6.9 Fire Magic


You had 11 spell levels left.
You knew the following spells:

 Your Spells              Type           Power      Damage    Failure   Level
a - Foxfire               Conj/Fire      100%       2x1d9     1%          1
b - Scorch                Fire           88%        2d8       1%          2
c - Flame Wave            Conj/Fire      44%        2d11      4%          4

Your spell library contained the following spells:

 Spells                   Type           Power      Damage    Failure   Level
 Sting                    Conj/Alch      100%       1d9       1%          1
 Inner Flame              Hex/Fire       25%        N/A       5%          3
 Volatile Blastmotes      Fire/Tloc      50%        2d14      5%          3


Dungeon Overview and Level Annotations

Branches:
Dungeon (7/15)             Temple (1/1) D:5

Altars:
Ashenzari
Cheibriados
Dithmenos
Elyvilon
Fedhas
Gozag
Hepliaklqana
Kikubaaqudgha
Makhleb
Nemelex Xobeh
Okawaru
Qazlal
Ru
Sif Muna
Trog
Uskayaw
Vehumet
Xom
Zin
The Shining One

Annotations:
D:7 Jeremiah


Innate Abilities, Weirdness & Mutations

You are immune to sickness and miasma.
Your stone body is resilient. (AC +6)
You are immune to poison.
You resist negative energy. (rN+)
You are resistant to electric shocks. (rElec)
You are resistant to unholy torment.
You are immune to petrification.


Message History

The butterfly disappears in a burst of colours! (Press . to intensify the flame waves.) Jeremiah hits you from afar with a +3 trident of draining!
A wave of flame ripples out!
The flame wave engulfs the butterfly!
You kill the butterfly!
The butterfly disappears in a burst of colours!
The flame wave engulfs Jeremiah!
Jeremiah is severely wounded.
Jeremiah hits you but does no damage.
A wave of flame ripples out!
The flame wave engulfs the butterfly.
You kill the butterfly!
The butterfly disappears in a burst of colours!
The flame wave engulfs Jeremiah!
Jeremiah is almost dead.
The flame wave engulfs the butterfly!
You kill the butterfly!
The butterfly disappears in a burst of colours!
You finish channelling waves of flame.
Jeremiah hits you from afar with a +3 trident of draining.
You hit the butterfly.
You kill the butterfly!
The butterfly disappears in a burst of colours!
Jeremiah barely misses you.
You hit the butterfly.
You kill the butterfly!
The butterfly disappears in a burst of colours!
Jeremiah mumbles a slurred invocation.
Something smites you!
* * * LOW HITPOINT WARNING * * *
You closely miss the butterfly.
The butterfly disappears in a burst of colours!
Jeremiah misses you.
Okay, then.
Jeremiah hops!
Okay, then.
Magic courses through your body.
Jeremiah cries, "Fearful master, protect me!"
Something smites you!
You die...
Jeremiah asks, "What happened?
Did... did you die?"

#.# . #.# ##b #.#
#.b #.# #b# # #.#
#.# ######.# #b#
.......# #b#
######.# #b######.
#.# #@Fb..... #.#
#.######. #.## #.#
#..# #.# ##.##
##.#
######..######..#
##..##~~.~~##...##
#..#.~~~≈≈~~.##.##
#.#≈≈≈~≈≈≈~~≈≈#..#


You could see Jeremiah.

Vanquished Creatures
  A two-headed ogre (D:6)
  Eustachio (D:4)
  Menkaure (D:5)
  A water moccasin (D:6)
  An ice beast (D:6)
  2 sky beasts
  An ogre (D:5)
  Blork the orc (D:4)
  A gnoll sergeant (D:6)
  A bullfrog (D:6)
  A scorpion (D:5)
  2 electric eels (D:7)
  3 hounds
  4 bombardier beetles
  A jelly (D:6)
  3 iguanas
  An orc wizard (D:4)
  4 gnolls (D:6)
  6 adders
  6 ufetubi
  9 dart slugs
  3 ribbon worms
  6 orcs
  5 ball pythons
  An endoplasm (D:3)
  11 goblins
  5 hobgoblins
  2 jackals (D:5)
  A quokka (D:4)
  4 bats
  3 frilled lizards
  9 kobolds
  4 rats
105 creatures vanquished.

Vanquished Creatures (collateral kills)
  7 foxfires (D:5)
7 creatures vanquished.

Vanquished Creatures (others)
  A dart slug (D:7)
  488 foxfires
489 creatures vanquished.

Grand Total: 601 creatures vanquished

Notes
Turn   | Place    | Note
-------+----------+-------------------------------------------
     0 | D:1      | Essalna the Gargoyle Fire Elementalist began the quest for
                  | the Orb.
     0 | D:1      | Reached XP level 1. HP: 10/10 MP: 3/3
   775 | D:1      | Reached XP level 2. HP: 14/15 MP: 5/5
  1523 | D:2      | Reached skill level 2 in Conjurations
  1523 | D:2      | Reached XP level 3. HP: 11/19 MP: 0/6
  1605 | D:2      | Found a faded altar of an unknown god.
  1718 | D:2      | Learned a level 2 spell: Scorch
  2369 | D:3      | Reached XP level 4. HP: 24/24 MP: 0/8
  3580 | D:4      | Reached skill level 3 in Conjurations
  3580 | D:4      | Reached XP level 5. HP: 20/28 MP: 1/9
  4039 | D:4      | Noticed Eustachio
  4054 | D:4      | Killed Eustachio
  4055 | D:4      | Reached XP level 6. HP: 20/32 MP: 6/11
  4133 | D:4      | Noticed Blork the orc
  4145 | D:4      | Killed Blork the orc
  4146 | D:4      | Reached skill level 4 in Conjurations
  4306 | D:4      | Found a bloodstained altar of Trog.
  4600 | D:5      | Entered Level 5 of the Dungeon
  4829 | D:5      | Reached skill level 5 in Fire Magic
  4829 | D:5      | Reached XP level 7. HP: 29/36 MP: 13/13
  4861 | D:5      | Found a hide-covered altar of Uskayaw.
  5011 | D:5      | Found a white marble altar of Elyvilon.
  5161 | D:5      | Noticed Menkaure
  5166 | D:5      | Killed Menkaure
  5167 | D:5      | Reached skill level 5 in Conjurations
  5247 | D:5      | Found a staircase to the Ecumenical Temple.
  5256 | Temple   | Entered the Ecumenical Temple
  5424 | D:5      | Found a shimmering blue altar of Sif Muna.
  5537 | D:5      | Found a radiant altar of Vehumet.
  5563 | D:5      | Became a worshipper of Vehumet
  5807 | D:6      | Found an ancient bone altar of Kikubaaqudgha.
  5894 | D:6      | Reached skill level 5 in Spellcasting
  5894 | D:6      | Reached XP level 8. HP: 35/41 MP: 6/15
  6046 | D:6      | Reached skill level 6 in Conjurations
  6256 | D:6      | Reached skill level 1 in Armour
  6299 | D:6      | Reached skill level 1 in Shields
  6350 | D:6      | Reached skill level 1 in Fighting
  6432 | D:6      | Learned a level 4 spell: Flame Wave
  6708 | D:6      | Noticed a two-headed ogre
  6717 | D:6      | Killed a two-headed ogre
  6718 | D:6      | Reached XP level 9. HP: 48/49 MP: 3/16
  7224 | D:7      | Reached * piety under Vehumet
  7224 | D:7      | Offered knowledge of Sting by Vehumet.
  7262 | D:7      | Reached skill level 7 in Conjurations
  7745 | D:7      | Noticed Jeremiah
  7783 | D:7      | Killed from afar by Jeremiah

Illustrated notes

Levels and vault maps discovered:
D:1:      shiori_shiawase, layout_basic
D:2:      layout_loops_ring, ebering_ecumenical_altar_rust,
          hangedman_decor_points, minmay_quantized
D:3:      layout_basic
D:4:      layout_gridville, trog_hazing_becter, uniq_blork_the_orc,
          uniq_eustachio
D:5:      layout_basic, mainiacjoe_overflow_alcove_4, lemuel_doored_altar,
          mainiacjoe_overflow_catch_the_wave,
          minmay_temple_entry_statues_pillars, uniq_menkaure
D:6:      layout_gridville, mainiacjoe_overflow_paths, minmay_misc_feat_rows
D:7:      kennysheep_slugbush, layout_loops_corners, uniq_maggie, uniq_jeremiah
Temple:   dpeg_chambers_temple

Skill      XL: |  1  2  3  4  5  6  7  8  9 |
---------------+----------------------------+-----
Conjurations   | 2 3 4 5 6 7 |  7.0
Spellcasting   | 3 4 5 |  5.0
Fire Magic     | 4 5 6 |  6.9
Armour         | 2 3 |  3.2
Shields        | 2 3 |  3.1
Fighting       | 2 3 |  3.0
Dodging        | 2 3 |  3.0
Stealth        | |  2.1

Action                     |  1- 3 |  4- 6 |  7- 9 || total
---------------------------+-------+-------+-------++-------
  Melee: Dagger            |    57 |    33 |    37 ||   127
         Unarmed           |     5 |       |       ||     5
         Punch             |       |       |     1 ||     1
   Cast: Foxfire           |    65 |   103 |   124 ||   292
         Scorch            |       |     2 |    20 ||    22
         Flame Wave        |       |       |     2 ||     2
    Use: Potion            |       |       |     1 ||     1
   Stab: Sleeping          |     1 |       |       ||     1
 Armour: Robe              |    50 |    36 |    48 ||   134
  Dodge: Dodged            |    53 |    20 |    46 ||   119

Table legend: (Time is in decaauts)
 A = Elapsed time spent in this place.
 B = Non-inter-level travel time spent in this place.
 C = Inter-level travel time spent in this place.
 D = Time resting spent in this place.
 E = Time spent auto-exploring this place.
 F = Levels seen in this place.
 G = Mean time per level.
                   A        B        C        D        E       F      G
               +--------+--------+--------+--------+--------+-----+--------+
         Total |   7787 |   7439 |    348 |     60 |   6435 |   8 |  973.4 |
       Dungeon |   7756 |   7438 |    318 |     60 |   6435 |   7 | 1108.0 |
        Temple |     31 |      1 |     30 |      0 |      0 |   1 |   31.0 |
               +--------+--------+--------+--------+--------+-----+--------+

Top non-repeatable levels by time:
     D:6: 1475 daAuts
     D:4: 1254 daAuts
     D:2: 1215 daAuts
     D:1: 1090 daAuts
     D:5: 1043 daAuts
     D:3: 1036 daAuts
     D:7: 640 daAuts
  Temple: 31 daAuts
